woodfighter, chaotic female giant Ranger ########## -------------- #------- ###.............-### #|......####|.........(..| ######## ------------ # #`|.....| #.............-### # |._........| ------|----- ## |.....| -----------.-- |..........| |..........+######## |...)<-#####################` #........{..| |..........| -----+- ## #---------.-- |..........| # # ### |..........| [ ### # ------------ # # i## # ### @ ### # ## % ## -.---------- ------.-----# |..........| |........[)|# |...----...| |%%.....).[|# |>..| |...| |%)..)......# |...----.%.| |%...%.)...| |.........%| ----|------- ----.------- # # woodfighter the Ranger Experience level: 7 Strength: 23 Dexterity: 12 Constitution: 16 Intelligence: 13 Wisdom: 13 Charisma: 9 Health: 0(46) Energy: 21(21) Def: 16 Gold: 1102 Moves: 7252 Dungeon seed [set]: Game ID: woodfighter_1678033140 Your Inventory: Coins $ - 1102 gold pieces Amulets k - an uncursed amulet of ESP Weapons a - an uncursed +2 sling (weapon in hand) j - 9 cursed -1 arrows v - an uncursed +0 elven bow O - 6 cursed -2 arrows Armor g - an uncursed +0 pair of high boots (being worn) n - an uncursed +0 pair of speed boots q - an uncursed +2 dented pot y - an uncursed +2 dented pot z - an uncursed +2 dented pot F - an uncursed +0 dwarvish cloak N - an uncursed +2 dented pot (being worn) Y - an uncursed +1 large shield (being worn) Comestibles f - an uncursed food ration m - an uncursed eucalyptus leaf Scrolls b - an uncursed scroll of confuse monster i - an uncursed scroll of remove curse X - 2 blessed scrolls of blank paper Z - 8 uncursed scrolls of blank paper Spellbooks c - an uncursed spellbook of sleep Potions s - an uncursed potion of levitation Wands t - an uncursed wand of speed monster (0:3) Tools E - an uncursed brass lantern (0:1221) G - an uncursed +0 pick-axe Gems d - an uncursed obsidian e - an uncursed worthless piece of red glass p - 12 uncursed flints (in quiver) K - an uncursed worthless piece of white glass P - an uncursed worthless piece of green glass Q - an uncursed worthless piece of orange glass Boulders/Statues r - an uncursed boulder Spells and supernatural/magical abilities: Name Level Category Fail Memory W - pray for help -- divine ? -- Your skills at the end: Miscellaneous Skills wands [Basic] Weapon Skills two-handed sword [Basic] sling [Basic] Spellcasting Skills Final Attributes: You were piously aligned. Your writing hand was a little cramped from use. You had automatic searching. You had infravision. You were somewhat stealthy. You are dead. Vanquished creatures: a giant beetle a wolf 2 gnome kings a yeti a dwarf lord a blue jelly a plains centaur 6 bugbears 2 Mordor orcs 3 gnome lords a gnomish wizard 3 paper golems a giant ant a puppy a kitten a dwarf 3 kobold lords 2 iguanas 2 hill orcs 2 orc zombies a wererat 7 killer bees a gas spore a hobbit 2 acid blobs 3 large kobolds 2 geckos 9 hobgoblins 3 giant rats a cave spider 3 brown molds a yellow mold 2 garter snakes 4 jackals 3 kobolds 6 newts 2 goblins 3 sewer rats 3 grid bugs 4 bats 9 lichens a kobold zombie 107 creatures vanquished. Voluntary challenges: You had followed a strict vegan diet until turn 4439. You had followed a strict vegetarian diet until turn 4439. You did not adorn yourself with jewelry or accessories. You did not cause conflict. You were not invisible. You did not have reflection. You were not displaced. You had been an atheist until turn 5733. You did not donate to any temples.. You used a wielded weapon 1 time, starting on turn 6089. You did not apply a unicorn horn. You did not use plumbed fixtures. You did not drink any magical draughts. You read items or engraved 2 times, starting on turn 5650. You never genocided any monsters. You never polymorphed an object. You never changed form. You used no wishes. You did not use any artifacts. You never split a pudding. You wrote Elbereth's name 1 time, starting on turn 6656. You never violated your personal moral code. You enabled loading special bones files. Dungeon overview: The Dungeons of Doom: levels 1 to 9 Level 1 (vault) a vault a long staircase Level 2 a fountain, a sink stairs to The Gnomish Mines Level 3 (water + box) some fountains Level 4 a vault, a general store, a fountain, a bench Level 5 (chest) a fountain, a bench Level 6 (water + vault + box + stash) a vault, a fountain Level 7 Level 8 (unicorn, box) <- You were here an altar to Mars, a fountain, a throne Level 9 The Gnomish Mines: Level 3 stairs to The Dungeons of Doom History has recorded: On T:1 you entered the Dungeons of Doom to retrieve the Amulet of Yendor! On T:318 you reached level 2 of The Dungeons of Doom. On T:997 you reached level 1 of The Gnomish Mines. On T:1303 you reached level 3 of The Dungeons of Doom. On T:1986 you advanced to experience level 2. On T:2263 you reached level 4 of The Dungeons of Doom. On T:2590 you advanced to experience level 3. On T:3122 you reached level 5 of The Dungeons of Doom. On T:3332 you advanced to experience level 4. On T:3872 you reached level 6 of The Dungeons of Doom. On T:4361 you reached level 7 of The Dungeons of Doom. On T:4467 you advanced to experience level 5. On T:5036 you reached level 8 of The Dungeons of Doom. On T:5733 you prayed to Mars. On T:5741 you advanced to experience level 6. On T:6536 you prayed to Mars. On T:6540 you advanced to experience level 7. On T:6719 you reached level 9 of The Dungeons of Doom. Score breakdown: Gold: 1102 ( 110 points) Experience: 7 levels ( 600 points) Exploration: 9 levels ( 240 points) Discoveries: 19 items ( 950 points) Variety of kills: 42 monsters ( 2000 points) Major goal: (nothing yet) ( 0 points) Survival: died (score multiplied by 3) Total score: 11700 Latest messages: The 1st flint hits the tengu. The 2nd flint hits the tengu. The tengu pecks! (2x) You shoot 2 flints. The 1st flint hits the tengu. The 2nd flint hits the tengu. The tengu misses. The tengu pecks! (2x) You shoot 2 flints. The 1st flint hits the tengu. The 2nd flint hits the tengu! The tengu pecks! (3x) You shoot 2 flints. The 1st flint hits the tengu. The 2nd flint hits the tengu! The tengu misses. (3x) The flint hits the tengu. The tengu just misses! The tengu misses. You shoot 2 flints. The 1st flint hits the tengu. The 2nd flint hits the tengu. The tengu misses. The tengu pecks! (2x) The flint hits the tengu. The tengu pecks! You die... Final status: Goodbye woodfighter the Ranger, killed by a tengu... You died in The Dungeons of Doom on dungeon level 8 with 11700 points, and 1102 pieces of gold, after 7252 moves. You were level 7 with a maximum of 46 hit points when you died.